 Dungeon Sprint DCSS version 0.27-a0-819-g058290f16d (webtiles) character file.

Game seed: 3323639574591091886

16859 ShadowManNeo the Hoplite (level 12, 0/90 HPs)
             Began as a Minotaur Fighter on Mar 29, 2021.
             Was a High Priest of Okawaru.
             Slain by a two-headed ogre
             ... wielding a +0 giant club
              (14 damage)
             ... in the Dungeon (Sprint IX: "|||||||||||||||||||||||||||||").
             The game lasted 00:08:55 (1930 turns).

ShadowManNeo the Hoplite (Minotaur Fighter)         Turns: 1930, Time: 00:08:56

Health: 0/90       AC: 13    Str: 28    XL:     12   Next: 13%
Magic:  11/17      EV: 12    Int: 14    God:    Okawaru [*****.]
Gold:   1328       SH: 19    Dex: 11    Spells: 11/11 levels left

rFire    . . .     SeeInvis .   s - +7 double sword of True Grit {freeze, rPois Will- Int+9}
rCold    . . .     Faith    .   c - +0 kite shield
rNeg     . . .     Spirit   .   b - +1 scale mail
rPois    +         Reflect  .   (helmet restricted)
rElec    .         Harm     .   k - +1 cloak
rCorr    .         Rampage  .   (no gloves)
Will     .....     NoTele   +   (no boots)
Stlth    ++........             (no amulet)
HPRegen  0.25/turn              o - +3 ring of strength
MPRegen  0.15/turn              n - +2 ring of protection

@: heroic, finesse-ful
A: horns 2, retaliatory headbutt
a: Renounce Religion, Heroism, Finesse


You were in the Dungeon.
You worshipped Okawaru.
Okawaru was extremely pleased with you.
You visited 1 branch You collected 1328 gold pieces.

Inventory:

Hand Weapons
 s - the +7 double sword of True Grit (weapon) {freeze, rPois Will- Int+9}
   (Okawaru gifted it to you in the Dungeon)

   It has been specially enchanted to freeze those struck by it, causing extra
   injury to most foes and up to half again as much damage against particularly
   susceptible opponents.
   It can also slow down cold-blooded creatures.
   It affects your intelligence (+9).
   It protects you from poison.
   It decreases your willpower.
Armour
 b - a +1 scale mail (worn)
 c - a +0 kite shield (worn)
 k - a +1 cloak (worn)
Jewellery
 n - a +2 ring of protection (right hand)
 o - a +3 ring of strength (left hand)
 r - a ring of positive energy
Wands
 l - a wand of acid (10)
Scrolls
 d - 2 scrolls of amnesia
 j - 2 scrolls of blinking
 t - 2 scrolls of fear
 u - 3 scrolls of fog
Potions
 a - a potion of invisibility
 e - 5 potions of curing
 f - 4 potions of heal wounds
 g - 3 potions of haste
 h - 4 potions of magic
 i - a potion of brilliance
 m - a potion of attraction
 p - a potion of berserk rage
Miscellaneous
 q - a box of beasts


   Skills:
 - Level 3.6(8.6) Fighting
 + Level 20.3(25.3) Long Blades
 + Level 14.1(19.1) Maces & Flails
 - Level 3.6(8.6) Armour
 + Level 3.0(8.0) Stealth
 + Level 21.9(26.9) Shields
 + Level 8.9 Invocations


You had 11 spell levels left.
You didn't know any spells.
Your spell library was empty.

Dungeon Overview and Level Annotations

Branches:
Dungeon (1/1)

Altars:
Cheibriados
Dithmenos
Elyvilon
Fedhas
Gozag
Hepliaklqana
Kikubaaqudgha
Makhleb
Nemelex Xobeh
Okawaru
Qazlal
Ru
Sif Muna
Trog
Uskayaw
Vehumet
Wu Jian
Xom
Yredelemnul
Zin
The Shining One
Beogh
Jiyva
Lugonu

Shops:
D ([((


Innate Abilities, Weirdness & Mutations

You have a pair of horns on your head.
You reflexively headbutt those who attack you in melee.


Message History

You see here 50 gold pieces.
Found Loheprio's Antique Weapon Shoppe.
You see here 50 gold pieces.
A two-headed ogre comes into view. It is wielding two +0 giant clubs.
Found 50 gold pieces.
There is an entrance to Coculuc's Weapon Emporium here.
An ogre comes into view. It is wielding a +0 giant spiked club.
Found 50 gold pieces.
You see here 50 gold pieces.
An ogre comes into view. It is wielding a +0 giant spiked club.
The ogre shouts!
You hear a shout!
The two-headed ogre shouts in stereo!
Found 50 gold pieces.
There is an entrance to Uwnump's Antique Armour Shoppe here.
An ogre comes into view. It is wielding a +0 giant club.
The ogre hits you with a +0 giant spiked club!
* * * LOW HITPOINT WARNING * * *
The ogre moves out of view.
Found 50 gold pieces.
An ogre mage comes into view. It is wielding a +0 whip.
You see here 50 gold pieces.
The ogre mage shouts!
You slash the ogre! You freeze the ogre.
The ogre is heavily wounded.
You slash the ogre! You freeze the ogre. Your headbutt misses the ogre.
The ogre is almost dead.
You block the ogre's attack.
You slice the ogre!! You freeze the ogre.
You kill the ogre!
Okawaru accepts your kill. The two-headed ogre misses you.
The two-headed ogre closely misses you.
There is an entrance to Lagrykh's Weapon Emporium here.
Things that are here:
a +0 giant spiked club; an ogre corpse You barely miss the two-headed ogre.
Your headbutt misses the two-headed ogre.
You slash the two-headed ogre! You freeze the two-headed ogre.
The two-headed ogre is moderately wounded.
You block the two-headed ogre's attack.
The two-headed ogre hits you with a +0 giant club!
You die...

_______'..)..[[..').....'()....'.
▓▓▓▓▓▓▓▓▓▓▓▓▓▓▓▓▓▓▓▓▓▓▓▓▓▓▓▓▓▓▓▓▓
.................................
▓▓▓▓▓▓▓▓▓▓▓▓▓▓▓▓▓▓▓▓▓▓▓▓▓▓▓▓▓▓▓▓▓
.†.....'††.)÷.......'..[[[[..'...
▓▓▓▓▓▓▓▓▓▓▓▓▓▓▓▓▓▓▓▓▓▓▓▓▓▓▓▓▓▓▓▓▓
...).............................
▓▓▓▓▓▓▓▓▓▓▓▓▓▓▓▓▓▓▓▓▓▓▓▓▓▓▓▓▓▓▓▓▓
)))...))()$$∩$∩$@OOO$OO.
▓▓▓▓▓▓▓▓▓▓▓▓▓▓▓▓▓▓▓▓▓▓▓▓


You could see a two-headed ogre, an ogre mage and 3 ogres.

Vanquished Creatures
  An ettin (D)
  A hydra (D)
  2 ogre magi (D)
  Erolcha (D)
  2 centaur warriors (D)
  5 two-headed ogres (D)
  2 lindwurms (D)
  2 orc knights (D)
  A manticore (D)
  2 cyclopes (D)
  A black mamba (D)
  3 cane toads (D)
  A torpor snail (D)
  2 rime drakes (D)
  2 komodo dragons (D)
  A polar bear (D)
  A troll (D)
  4 tyrant leeches (D)
  A shadow (D)
  3 yaks (D)
  A steam dragon (D)
  3 water moccasins (D)
  A black bear (D)
  A necrophage (D)
  7 orc warriors (D)
  2 ogres (D)
  A bullfrog (D)
  A killer bee (D)
  A wight (D)
  A howler monkey (D)
  4 orc priests (D)
  A jelly (D)
  An iguana (D)
  5 orc wizards (D)
  A gnoll (D)
  A white imp (D)
  2 worms (D)
  5 orcs (D)
  A hobgoblin (D)
  A jackal (D)
  A kobold (D)
  A frilled lizard (D)
81 creatures vanquished.

Vanquished Creatures (others)
  An orc wizard (D)
1 creature vanquished.

Grand Total: 82 creatures vanquished

Notes
Turn   | Place    | Note
-------+----------+-------------------------------------------
     0 | D        | ShadowManNeo the Minotaur Fighter began the quest for the
                  | Orb.
     0 | D        | Reached XP level 1. HP: 19/19 MP: 0/0
     5 | D        | Reached skill level 4 in Shields
     9 | D        | Reached skill level 5 in Shields
     9 | D        | Reached XP level 2. HP: 26/26 MP: 1/1
     9 | D        | Banished a spatial maelstrom
    12 | D        | Reached skill level 6 in Shields
    25 | D        | Noticed a necrophage
    25 | D        | Noticed a black bear
    29 | D        | Reached skill level 7 in Shields
    29 | D        | Reached XP level 3. HP: 21/31 MP: 2/2
    31 | D        | Reached skill level 8 in Shields
    32 | D        | Reached skill level 5 in Long Blades
    32 | D        | Reached skill level 1 in Maces & Flails
    32 | D        | Reached XP level 4. HP: 26/39 MP: 3/3
    36 | D        | Killed a necrophage
    37 | D        | Reached skill level 10 in Shields
    37 | D        | Reached XP level 5. HP: 29/45 MP: 4/4
    39 | D        | Killed a black bear
    40 | D        | Reached skill level 5 in Maces & Flails
    40 | D        | Reached skill level 11 in Shields
    46 | D        | Found a snail-covered altar of Cheibriados.
    46 | D        | Found a shadowy altar of Dithmenos.
    46 | D        | Found a white marble altar of Elyvilon.
    46 | D        | Found a blossoming altar of Fedhas.
    46 | D        | Found an opulent altar of Gozag.
    47 | D        | Found a hazy altar of Hepliaklqana.
    48 | D        | Found a viscous altar of Jiyva.
    49 | D        | Found an ancient bone altar of Kikubaaqudgha.
    50 | D        | Found a corrupted altar of Lugonu.
    51 | D        | Found a burning altar of Makhleb.
    52 | D        | Found a sparkling altar of Nemelex Xobeh.
    53 | D        | Found an iron altar of Okawaru.
    54 | D        | Found a stormy altar of Qazlal.
    55 | D        | Found a sacrificial altar of Ru.
    56 | D        | Found a shimmering blue altar of Sif Muna.
    57 | D        | Found a bloodstained altar of Trog.
    58 | D        | Found a hide-covered altar of Uskayaw.
    59 | D        | Found a radiant altar of Vehumet.
    60 | D        | Found an ornate altar of the Wu Jian Council.
    61 | D        | Became a worshipper of Warmaster Okawaru
    62 | D        | Found a shimmering altar of Xom.
    63 | D        | Found a basalt altar of Yredelemnul.
    64 | D        | Found a glowing silver altar of Zin.
    65 | D        | Found a glowing golden altar of the Shining One.
   188 | D        | Noticed a yak
   188 | D        | Noticed a two-headed ogre
   188 | D        | Noticed a shadow
   190 | D        | Reached XP level 6. HP: 51/51 MP: 5/5
   192 | D        | Killed a yak
   193 | D        | Reached skill level 12 in Shields
   200 | D        | Killed a two-headed ogre
   200 | D        | Reached * piety under Okawaru
   200 | D        | Reached ** piety under Okawaru
   200 | D        | Reached *** piety under Okawaru
   201 | D        | Reached skill level 14 in Shields
   201 | D        | Reached XP level 7. HP: 53/57 MP: 6/6
   201 | D        | Reached XP level 8. HP: 60/64 MP: 7/7
   216 | D        | Reached skill level 10 in Maces & Flails
   216 | D        | Reached skill level 15 in Shields
   381 | D        | Noticed a cyclops
   381 | D        | Noticed a centaur warrior
   381 | D        | Noticed a manticore
   381 | D        | Noticed a troll
   381 | D        | Noticed a cyclops
   381 | D        | Noticed a centaur warrior
   387 | D        | Killed a cyclops
   387 | D        | Reached **** piety under Okawaru
   392 | D        | Killed a centaur warrior
   392 | D        | Reached ***** piety under Okawaru
   393 | D        | Reached skill level 16 in Shields
   393 | D        | Reached XP level 9. HP: 31/70 MP: 5/8
   395 | D        | Killed a manticore
   396 | D        | Reached skill level 1 in Invocations
   400 | D        | Killed a troll
   401 | D        | Reached skill level 17 in Shields
   406 | D        | Killed a cyclops
   411 | D        | Killed a centaur warrior
   412 | D        | Reached skill level 15 in Long Blades
   785 | D        | Noticed a polar bear
   785 | D        | Noticed a six-headed hydra
   787 | D        | Noticed a cane toad
   798 | D        | Killed a 13-headed hydra
   799 | D        | Reached skill level 18 in Shields
   799 | D        | Reached XP level 10. HP: 64/77 MP: 2/10
   803 | D        | Reached skill level 1 in Stealth
   804 | D        | Noticed a black mamba
   826 | D        | Killed a cane toad
   832 | D        | Killed a black mamba
   832 | D        | Reached ****** piety under Okawaru
   832 | D        | Identified the +7 double sword of True Grit {freeze, rPois
                  | Will- Int+9} (Okawaru gifted it to you in the Dungeon)
   832 | D        | Received a gift from Okawaru
   991 | D        | Noticed a cane toad
   991 | D        | Noticed a cane toad
  1000 | D        | Reached skill level 19 in Shields
  1001 | D        | Killed a cane toad
  1010 | D        | Killed a cane toad
  1011 | D        | Noticed a torpor snail
  1020 | D        | Reached XP level 11. HP: 64/82 MP: 5/13
  1097 | D        | Noticed a lindwurm
  1097 | D        | Noticed a lindwurm
  1121 | D        | Killed a lindwurm
  1126 | D        | Killed a lindwurm
  1126 | D        | Received a gift from Okawaru
  1127 | D        | Reached skill level 20 in Shields
  1127 | D        | Reached skill level 5 in Invocations
  1424 | D        | Noticed Erolcha
  1431 | D        | Killed Erolcha
  1494 | D        | Noticed an ettin
  1503 | D        | Killed an ettin
  1625 | D        | Noticed an orc knight
  1625 | D        | Noticed an orc knight
  1633 | D        | Killed an orc knight
  1643 | D        | Killed an orc knight
  1644 | D        | Reached skill level 21 in Shields
  1653 | D        | Received a gift from Okawaru
  1889 | D        | Found Coculuc's Weapon Emporium.
  1889 | D        | Noticed a two-headed ogre
  1889 | D        | Noticed an ogre mage
  1889 | D        | Noticed an ogre mage
  1889 | D        | Noticed a two-headed ogre
  1889 | D        | Noticed a two-headed ogre
  1893 | D        | Killed a two-headed ogre
  1894 | D        | Noticed a two-headed ogre
  1899 | D        | Killed an ogre mage
  1900 | D        | Found Uwnump's Antique Armour Shoppe.
  1905 | D        | Killed an ogre mage
  1906 | D        | HP: 3/82 [two-headed ogre/+0 giant club (15)]
  1909 | D        | Killed a two-headed ogre
  1910 | D        | Reached XP level 12. HP: 4/90 MP: 9/17
  1913 | D        | Killed a two-headed ogre
  1916 | D        | Killed a two-headed ogre
  1916 | D        | Received a gift from Okawaru
  1917 | D        | Found Lagrykh's Weapon Emporium.
  1920 | D        | Found Loheprio's Antique Weapon Shoppe.
  1921 | D        | Noticed a two-headed ogre
  1925 | D        | Noticed an ogre mage
  1930 | D        | Slain by a two-headed ogre

Illustrated notes

Levels and vault maps discovered:
D:        linesprint [early_d, line_temple, items_1, d_10, items_2, lair_1,
          lair_end, items_3, orc_1, orc_end, items_4, d_15, swamp_1, shoals_1,
          snake_1, spider_1, d_20, vaults_1, items_5, swamp_end, shoals_end,
          snake_end, spider_end, vaults_end, d_27, items_6, zot_1, zot_end,
          crypt_end, forest_end, elf_end, slime_end, tomb_end, abyss_end,
          pan_hell_end]

Skill      XL: |  1  2  3  4  5  6  7  8  9 10 11 12 |
---------------+-------------------------------------+-----
Shields        | 5 7 8 10 11 14 16 18 19 21 | 21.9
Long Blades    | 3 4 5 6 8 11 13 15 17 20 | 20.3
Maces & Flails | 1 4 6 9 11 13 14 | 14.1
Invocations    | 2 4 8 |  8.9
Stealth        | 2 3 |  3.0
Fighting       | |  3.6
Armour         | |  3.6

Action                   |  1- 3 |  4- 6 |  7- 9 | 10-12 || total
-------------------------+-------+-------+-------+-------++-------
Melee: Long sword        |    10 |       |       |       ||    10
       Headbutt          |     3 |     2 |    20 |    31 ||    56
       Whip              |     5 |     8 |       |       ||    13
       Scimitar          |       |    11 |    52 |    34 ||    97
       Double sword      |       |       |       |   153 ||   153
Invok: Heroism           |       |       |     2 |     6 ||     8
       Finesse           |       |       |     1 |     4 ||     5
  Use: Potion            |     1 |     1 |     1 |     3 ||     6
       Scroll            |       |       |     2 |       ||     2
Armor: Scale mail        |     4 |     5 |    21 |    17 ||    47
Dodge: Dodged            |     3 |     1 |    14 |    20 ||    38
Block: Kite shield       |     9 |    10 |    31 |    68 ||   118
       Rpst.: Long sword |     1 |       |       |       ||     1
       Scimitar          |       |       |     1 |       ||     1
       Double sword      |       |       |       |     1 ||     1

Table legend: (Time is in decaauts)
 A = Elapsed time spent in this place.
 B = Non-inter-level travel time spent in this place.
 C = Inter-level travel time spent in this place.
 D = Time resting spent in this place.
 E = Time spent auto-exploring this place.
 F = Levels seen in this place.
 G = Mean time per level.
                   A        B        C        D        E       F      G
               +--------+--------+--------+--------+--------+-----+--------+
         Total |   1823 |   1584 |    239 |   1148 |      0 |   1 | 1823.0 |
       Dungeon |   1823 |   1584 |    239 |   1148 |      0 |   1 | 1823.0 |
               +--------+--------+--------+--------+--------+-----+--------+

Top non-repeatable levels by time:
       D: 1823 daAuts
